 Seeded DCSS version 0.25-a0-949-gdd2af9e (webtiles) character file.

Game seed: 11271806899137378369, levelgen mode: deterministic

9555 Auros the Slinger (level 11, 0/64 HPs)
             Began as a Halfling Skald on Apr 26, 2020.
             Was a Follower of Nemelex Xobeh.
             Slain by a skeletal warrior
             ... wielding a +0 halberd
             ... led by a skeletal warrior
              (20 damage)
             ... on level 11 of the Dungeon on May 8, 2020.
             The game lasted 01:00:42 (13905 turns).

Auros the Slinger (Halfling Skald)                 Turns: 13905, Time: 01:00:42

Health: 0/64       AC: 12    Str: 13    XL:     11   Next: 76%
Magic:  15/15      EV: 21    Int: 11    God:    Nemelex Xobeh [*.....]
Gold:   429        SH:  0    Dex: 17    Spells: 4/13 levels left

rFire    . . .     SeeInvis .   a - +6 flail (drain)
rCold    + . .     Gourm    .   (shield restricted)
rNeg     . . .     Faith    .   o - +0 acid dragon scales
rPois    .         Spirit   .   g - +0 helmet
rElec    .         Reflect  .   A - +1 cloak
rCorr    +         Harm     .   (no gloves)
MR       .....                  t - +2 pair of boots
Stlth    +.........             l - amulet of magic regeneration
HPRegen  0.20/turn              e - ring of protection from cold
MPRegen  0.39/turn              (no ring)

@: no status effects
A: small, mutation resistance 1
a: Draw Escape, Draw Destruction, Draw Summoning, Renounce Religion


You were on level 11 of the Dungeon.
You worshipped Nemelex Xobeh.
Nemelex Xobeh was aware of your devotion.
You were not hungry.

You visited 2 branches of the dungeon, and saw 12 of its levels.

You collected 537 gold pieces.
You spent 108 gold pieces at shops.

Inventory:

Hand Weapons
 a - a +6 flail of draining (weapon)
 b - the +2 hunting sling of Eplekaado {venom, rElec Int+4}
   (You found it on level 4 of the Dungeon)

   It poisons the ammo it fires.
   It affects your intelligence (+4).
   It insulates you from electricity.
Missiles
 q - 215 arrows
 u - 48 bolts
 C - 15 poisoned darts
 E - 65 sling bullets
 I - 3 boomerangs
 Z - 225 stones (quivered)
Armour
 d - a +0 leather armour
 g - a +0 helmet (worn)
 j - the +2 leather armour of the Little Devil {MR+}
   (You found it on level 4 of the Dungeon)

   It affects your resistance to hostile enchantments.
 o - +0 acid dragon scales (worn)
 t - a +2 pair of boots (worn)
 A - a +1 cloak (worn)
 B - the +8 chain mail of the Nine Tables {rN+ Stlth+}
   (You found it on level 5 of the Dungeon)

   It protects you from negative energy.
   It makes you more stealthy.
Jewellery
 e - a ring of protection from cold (left hand)
 l - an amulet of magic regeneration (around neck)
 v - an uncursed ring of resist corrosion {unknown}
 y - a cursed -6 ring of slaying {unknown}
Wands
 h - a wand of random effects (42)
 w - a wand of enslavement (11)
 D - a wand of paralysis (9)
 H - a wand of flame (15)
 P - a wand of iceblast (8)
 Q - a wand of polymorph (9)
 S - a wand of disintegration (4)
Scrolls
 c - a scroll of remove curse
 f - a scroll of fog
 i - 12 scrolls of identify
 k - 2 scrolls of blinking
 F - 4 scrolls of teleportation
 J - a scroll of enchant weapon {unknown}
 K - a scroll of noise
 L - a scroll of fear
 M - 3 scrolls of magic mapping
Potions
 m - 3 potions of berserk rage {unknown}
 n - 3 potions of heal wounds {unknown}
 p - 2 potions of lignification {unknown}
 r - 2 potions of degeneration {unknown}
 s - 4 potions of curing
 x - a potion of invisibility
 G - 3 potions of flight {unknown}
 N - a potion of ambrosia {unknown}
 O - a potion of mutation {unknown}
 R - a potion of cancellation {unknown}
Comestibles
 z - 18 rations


   Skills:
 - Level 1.7 Fighting
   Level 2.4 Short Blades
 - Level 14.8 Slings
 - Level 1.1 Armour
 - Level 9.6 Dodging
 - Level 1.5 Spellcasting
 + Level 10.7 Charms
 + Level 5.8 Invocations


You had 4 spell levels left.
You knew the following spells:

 Your Spells              Type           Power        Failure   Level  Hunger
a - Infusion              Chrm           ###.         1%          1    ##.....
b - Shroud of Golubria    Chrm/Tloc      ##....       8%          2    ###....
c - Spectral Weapon       Hex/Chrm       ##......     14%         3    ####...
d - Ozocubu's Armour      Chrm/Ice       ##......     14%         3    ####...

Your spell library contained the following spells:

 Spells                   Type           Power        Failure   Level  Hunger
 Song of Slaying          Chrm           ###.....     1%          2    ###....


Dungeon Overview and Level Annotations

Branches:
Dungeon (11/15)            Temple (1/1) D:5            Lair (0/6) D:10
    Orc: D:9-12

Altars:
Ashenzari
Cheibriados
Dithmenos
Elyvilon
Fedhas
Gozag
Hepliaklqana
Kikubaaqudgha
Makhleb
Nemelex Xobeh
Okawaru
Qazlal
Ru
Sif Muna
Trog
Uskayaw
Vehumet
Wu Jian
Xom
Yredelemnul
Zin
The Shining One

Shops:
D:9 ?   D:10 }


Innate Abilities, Weirdness & Mutations

You are small and have problems with some larger weapons.
You are somewhat resistant to further mutation.


Message History

Press ? for a list of commands and other information.
You hit the skeletal warrior.
The skeletal warrior is lightly damaged.
The skeletal warrior hits you from afar with a +0 halberd!
* * * LOW HITPOINT WARNING * * *
The skeletal warrior hits you with a +0 hand axe!
* * * LOW HITPOINT WARNING * * *
The skeletal warrior hits you but does no damage.
Your magical contamination has completely faded away.
There is an open door here.
Okay, then.
The skeletal warrior hits you but does no damage.
The skeletal warrior misses you.
The skeletal warrior completely misses you.
The skeletal warrior completely misses you. x2
The skeletal warrior hits you with a +0 hand axe.
* * * LOW HITPOINT WARNING * * *
The skeletal warrior hits you from afar with a +0 halberd!!
You die...
Your body disappears without a glow.

..# ..# #+# #### ..#
##..# ..#...l# #...#
..#....# #...#
..#....# ##z.#
..#....########zz##
..#....#........z@#
..#.<..'..........#
..#....#..........#
..#....#..........#
..#....#.†.####...#
..#....#..)####...###
..#....'..z.z'......#
..#....#[)..z#......#
#
..#....#...).##..##'#
###'#..


You could see 4 skeletal warriors.

Vanquished Creatures
  A hydra (D:11)
  A two-headed ogre (D:11)
  An ugly thing (D:11)
  A centaur skeleton (D:11)
  Grinder (D:6)
  5 hippogriffs
  A shadow (D:11)
  3 wyverns
  5 yaks (D:10)
  Eustachio (D:5)
  A wraith (D:11)
  Menkaure (D:7)
  2 hungry ghosts
  Edmund (D:3)
  Duvessa (D:5)
  A sky beast (D:11)
  3 orc warriors
  A phantom (D:6)
  An ice beast (D:6)
  2 ogres
  8 centaurs
  6 big kobolds
  3 bullfrogs
  2 gnoll sergeants
  A wyvern zombie (D:11)
  Dowan (D:5)
  3 scorpions
  14 wights
  5 crimson imps
  A quasit (D:10)
  2 jellies
  4 iguanas
  8 orc priests
  5 hounds
  8 orc wizards
  6 worker ants
  A worker ant zombie (D:11)
  A howler monkey skeleton (D:10)
  13 gnolls
  7 adders
  2 shadow imps
  An ooze (D:6)
  3 adder skeletons
  4 worms
  3 leopard geckos
  43 orcs
  10 bats
  4 giant cockroaches
  3 goblins (D:3)
  4 hobgoblins
  12 jackals
  3 quokkas
  5 frilled lizards
  30 kobolds
  A leopard gecko zombie (D:6)
  5 rats
266 creatures vanquished.

Vanquished Creatures (others)
  A plant (D:4)
  3 spectral weapons
4 creatures vanquished.

Grand Total: 270 creatures vanquished

Notes
Turn   | Place    | Note
-------+----------+-------------------------------------------
     0 | D:1      | Auros the Halfling Skald began the quest for the Orb.
     0 | D:1      | Reached XP level 1. HP: 14/14 MP: 3/3
   128 | D:2      | Reached XP level 2. HP: 16/19 MP: 0/4
   147 | D:2      | Learned a level 2 spell: Shroud of Golubria
   577 | D:4      | Reached skill level 5 in Charms
   577 | D:4      | Reached XP level 3. HP: 18/24 MP: 2/5
   670 | D:4      | Reached XP level 4. HP: 23/29 MP: 6/6
   739 | D:4      | Got a pitted leather armour
   750 | D:4      | Identified the +2 leather armour of the Little Devil {MR+}
                  | (You found it on level 4 of the Dungeon)
   902 | D:4      | Got a crystal hunting sling
   903 | D:4      | Identified the cursed +2 hunting sling of Eplekaado {venom,
                  | rElec Int+4} (You found it on level 4 of the Dungeon)
  1209 | D:3      | Reached skill level 1 in Slings
  1234 | D:3      | Reached skill level 2 in Slings
  1234 | D:3      | Reached XP level 5. HP: 31/34 MP: 7/7
  1247 | D:3      | Reached skill level 3 in Slings
  2374 | D:1      | Reached skill level 4 in Slings
  2933 | D:3      | Reached skill level 5 in Slings
  2933 | D:3      | Reached XP level 6. HP: 5/39 MP: 8/8
  3962 | D:4      | Reached skill level 6 in Slings
  4218 | D:4      | Found a glowing silver altar of Zin.
  4219 | D:4      | Found an opulent altar of Gozag.
  4377 | D:5      | Entered Level 5 of the Dungeon
  4389 | D:5      | Reached skill level 7 in Slings
  4392 | D:5      | Noticed Eustachio
  4406 | D:5      | Noticed Edmund
  4452 | D:3      | Killed Edmund
  4452 | D:3      | Reached skill level 8 in Slings
  4452 | D:3      | Reached XP level 7. HP: 42/44 MP: 9/9
  4520 | D:5      | Killed Eustachio
  4520 | D:5      | Reached skill level 9 in Slings
  4792 | D:5      | Noticed Duvessa
  4809 | D:5      | Killed Duvessa
  4809 | D:5      | Reached skill level 10 in Slings
  4809 | D:5      | Reached XP level 8. HP: 49/49 MP: 10/10
  4817 | D:5      | Noticed Dowan
  4829 | D:5      | Killed Dowan
  4841 | D:5      | Got a dazzling chain mail
  4852 | D:5      | Identified the +8 chain mail of the Nine Tables {rN+
                  | Stlth+} (You found it on level 5 of the Dungeon)
  4945 | D:5      | Found a staircase to the Ecumenical Temple.
  4954 | Temple   | Entered the Ecumenical Temple
  5198 | D:5      | Reached skill level 11 in Slings
  5685 | D:6      | Noticed Grinder
  5704 | D:6      | Reached skill level 12 in Slings
  5720 | D:6      | Killed Grinder
  5902 | D:6      | Reached skill level 13 in Slings
  5902 | D:6      | Reached XP level 9. HP: 51/54 MP: 11/11
  6525 | D:7      | Reached skill level 14 in Slings
  6627 | D:7      | Noticed Menkaure
  6637 | D:7      | Killed Menkaure
  6934 | D:7      | Found a shimmering altar of Xom.
  6934 | D:7      | Found a snail-covered altar of Cheibriados.
  6936 | D:7      | Found a hazy altar of Hepliaklqana.
  6939 | D:7      | Found a burning altar of Makhleb.
  6940 | D:7      | Found a blossoming altar of Fedhas.
  6940 | D:7      | Found a shattered altar of Ashenzari.
  6940 | D:7      | Found a bloodstained altar of Trog.
  6941 | D:7      | Found a radiant altar of Vehumet.
  6943 | D:7      | Found an iron altar of Okawaru.
  6945 | D:7      | Found a white marble altar of Elyvilon.
  6948 | D:7      | Upgraded the game from 0.25-a0-857-g60a0bcd to
                  | 0.25-a0-860-gf695395
  7183 | Temple   | Became a worshipper of Nemelex Xobeh the Trickster
  7425 | D:8      | Received a gift from Nemelex Xobeh
  7520 | D:8      | Found a white marble altar of Elyvilon.
  8641 | D:9      | Reached XP level 10. HP: 60/60 MP: 12/12
  8666 | D:9      | Learned a level 3 spell: Spectral Weapon
  8670 | D:9      | Learned a level 3 spell: Ozocubu's Armour
  8785 | D:9      | Found Moigadox's Magic Scroll Shoppe.
  9380 | D:9      | Bought a scroll of teleportation for 36 gold pieces
  9380 | D:9      | Bought a scroll of teleportation for 36 gold pieces
  9380 | D:9      | Bought a scroll of teleportation for 36 gold pieces
  9402 | D:9      | HP: 3/60 [orc priest/divine providence (15)]
  9838 | D:9      | Reached skill level 5 in Dodging
 10480 | D:10     | Entered Level 10 of the Dungeon
 10543 | D:10     | Paralysed by fainting for 9 turns
 10779 | D:10     | Reached * piety under Nemelex Xobeh
 11878 | D:10     | Found Baung's Gadget Shoppe.
 11894 | D:10     | Reached XP level 11. HP: 60/64 MP: 13/13
 11974 | D:10     | Found a staircase to the Lair.
 11976 | D:10     | Received a gift from Nemelex Xobeh
 12581 | D:11     | Reached skill level 1 in Invocations
 12923 | D:11     | Noticed a two-headed ogre
 12936 | D:11     | Killed a two-headed ogre
 13167 | D:11     | Reached skill level 10 in Charms
 13442 | D:11     | Noticed a seven-headed hydra
 13445 | D:11     | Killed a seven-headed hydra
 13445 | D:11     | Reached skill level 5 in Invocations
 13584 | D:11     | Noticed a white ugly thing
 13878 | D:11     | Noticed a skeletal warrior
 13881 | D:11     | Killed a red ugly thing
 13884 | D:11     | Noticed a skeletal warrior
 13886 | D:11     | Noticed a skeletal warrior
 13886 | D:11     | Noticed a skeletal warrior
 13887 | D:11     | Upgraded the game from 0.25-a0-860-gf695395 to
                  | 0.25-a0-948-g643b649
 13887 | D:11     | Upgraded the game from 0.25-a0-948-g643b649 to
                  | 0.25-a0-949-gdd2af9e
 13905 | D:11     | Slain by a skeletal warrior

Levels and vault maps discovered:
D:1:      lemuel_arrival_tunnels, layout_basic
D:2:      layout_rooms
D:3:      kennysheep_big_flooded_room, layout_basic
D:4:      layout_rooms, grunt_temple_overflow_gold_and_silver, serial_forest,
          infiniplex_forest_end_2, infiniplex_forest_corner_2,
          infiniplex_forest_clump_small, infiniplex_forest_lined_room_2,
          infiniplex_forest_corner_1, infiniplex_forest_lined_3,
          infiniplex_forest_clump_tiny, infiniplex_forest_straight_2,
          infiniplex_forest_clump_large, infiniplex_forest_fountain,
          minmay_misc_feat_room
D:5:      layout_basic, minmay_temple_entry_trees, first_ration, uniq_edmund,
          uniq_duvessa, uniq_eustachio
D:6:      layout_gridville, uniq_grinder
D:7:      layout_gridville, minitemple, uniq_menkaure
D:8:      layout_basic, basic_altar
D:9:      layout_basic, serial_shops, shop
D:10:     layout_loops_ring, lair_entry_dummy, serial_shops,
          nicolae_shop_competitors_out_of_business
D:11:     layout_gridville
Temple:   cyrus_temple_forest

Skill      XL: |  1  2  3  4  5  6  7  8  9 10 11 |
---------------+----------------------------------+-----
Charms         | 4 5 8 9 10 | 10.7
Slings         | 2 5 8 10 13 14 | 14.8
Dodging        | 8 9 |  9.6
Invocations    | 5 |  5.8
Fighting       | |  1.7
Short Blades   | |  2.4
Armour         | |  1.1
Spellcasting   | |  1.5

Action                   |  1- 3 |  4- 6 |  7- 9 | 10-12 || total
-------------------------+-------+-------+-------+-------++-------
Melee: Short sword       |    41 |   128 |    93 |       ||   262
       Hunting sling     |       |     4 |       |       ||     4
       Flail             |       |       |    46 |   390 ||   436
       Hand axe          |       |       |     6 |       ||     6
 Fire: Hunting sling     |       |    89 |   282 |    89 ||   460
Throw: Stone             |       |    10 |    11 |     1 ||    22
 Cast: Infusion          |     2 |     1 |       |       ||     3
       Shroud of Golubri |     2 |       |       |     3 ||     5
       Spectral Weapon   |       |       |       |     9 ||     9
Invok: Draw Destruction  |       |       |       |     6 ||     6
  Use: Scroll            |       |     5 |     6 |     2 ||    13
 Stab: Sleeping          |     1 |     1 |       |     1 ||     3
       Distracted        |       |       |       |     1 ||     1
  Eat: Chunk             |       |     8 |     6 |    16 ||    30
       Ration            |       |     1 |     2 |     2 ||     5
Armor: Leather armour    |    15 |    29 |     4 |       ||    48
       Chain mail        |       |       |    57 |       ||    57
       Acid dragon scale |       |       |    57 |   185 ||   242
Dodge: Dodged            |    24 |   106 |   160 |   585 ||   875

Table legend:
 A = Non-vault XP
 B = Vault XP
 C = Vault XP percentage of total XP
 D = Non-vault monster count
 E = Vault monster count
 F = Vault count percentage of total count
                 A         B        C        D         E       F
            +---------+---------+-------+---------+---------+-------
      Total |   12616 |    1034 |   7.6 |     258 |       8 |   3.0
            +---------+---------+-------+---------+---------+-------
        D:1 |      15 |       0 |   0.0 |       9 |       0 |   0.0
        D:2 |      29 |       0 |   0.0 |      13 |       0 |   0.0
        D:3 |     168 |     171 |  50.4 |      35 |       3 |   7.9
        D:4 |     151 |       0 |   0.0 |      12 |       0 |   0.0
        D:5 |     316 |     414 |  56.7 |       9 |       3 |  25.0
        D:6 |     714 |     277 |  28.0 |      18 |       1 |   5.3
        D:7 |     337 |     172 |  33.8 |       7 |       1 |  12.5
        D:8 |     840 |       0 |   0.0 |      32 |       0 |   0.0
        D:9 |    1777 |       0 |   0.0 |      43 |       0 |   0.0
       D:10 |    2900 |       0 |   0.0 |      37 |       0 |   0.0
       D:11 |    5369 |       0 |   0.0 |      43 |       0 |   0.0
            +---------+---------+-------+---------+---------+-------
